 Dungeon Crawl Stone Soup version 0.28-a0-863-g8cecda6153 (webtiles) character file.

Game seed: 572104815089924737

12191 Madmarshman the Cleaver (level 11, -9/101 HPs)
             Began as a Minotaur Berserker on Nov 18, 2021.
             Was an Elder of Trog.
             Mangled by an ettin (20 damage)
             ... on level 12 of the Dungeon.
             The game lasted 01:21:41 (14225 turns).

Madmarshman the Cleaver (Minotaur Berserker)       Turns: 14225, Time: 01:21:42

Health: -9/101     AC: 19    Str: 22    XL:     11   Next: 59%
Magic:  10/10      EV: 13    Int:  4    God:    Trog [****..]
Gold:   135        SH:  0    Dex: 13    Spells: 10/10 levels left

rFire   + . .      SeeInvis .   m - +0 war axe
rCold   . . .      Faith    .   D - +0 buckler
rNeg    . . .      Spirit   .   E - +1 plate armour
rPois   .          Reflect  .   (helmet restricted)
rElec   .          Harm     .   (no cloak)
rCorr   .          Rampage  .   (no gloves)
Will    .....                   g - +2 pair of boots
Stlth   ..........              (no amulet)
HPRegen 0.26/turn               x - ring of protection from fire
MPRegen 0.12/turn               H - +4 ring of evasion

@: confused, ambrosia-drunk
A: horns 2, retaliatory headbutt
a: Renounce Religion, Berserk, Trog's Hand, Brothers in Arms


You were on level 12 of the Dungeon.
You worshipped Trog.
Trog was greatly pleased with you.
You visited 1 branch of the dungeon, and saw 12 of its levels.
You also visited: Bailey.

You collected 421 gold pieces.
You spent 286 gold pieces at shops.

Inventory:

Hand Weapons
 f - a +0 vorpal mace
 m - a +0 war axe (weapon)
 z - a +1 hand axe of electrocution
 L - a +2 vorpal bardiche
Missiles
 o - 4 throwing nets
 q - 7 boomerangs (quivered)
Armour
 b - a +0 ring mail
 g - a +2 pair of boots (worn)
 h - a +0 scale mail
 n - a +1 chain mail
 D - a +0 buckler (worn)
 E - a +1 plate armour (worn)
 N - a +1 chain mail of poison resistance
Jewellery
 x - a ring of protection from fire (left hand)
 H - a +4 ring of evasion (right hand)
 J - a +4 ring of evasion
 O - a ring of see invisible
Wands
 p - a wand of polymorph (9)
 w - a wand of flame (8)
 I - a wand of iceblast (3)
 K - a wand of charming (8)
 M - a wand of paralysis (10)
Scrolls
 a - a scroll of identify
 t - 2 scrolls of teleportation
 v - 2 scrolls of magic mapping
 y - 3 scrolls of fog
Potions
 c - a potion of cancellation
 d - 3 potions of heal wounds
 e - 2 potions of lignification
 i - a potion of flight
 j - 2 potions of might
 k - 4 potions of curing
 l - 3 potions of degeneration
 s - 2 potions of haste
 u - a potion of attraction
 A - a potion of mutation
 B - a potion of resistance
Miscellaneous
 G - a condenser vane


   Skills:
 + Level 10.6 Fighting
 * Level 14.2 Axes
 + Level 10.2 Armour
 + Level 9.3 Dodging
 + Level 2.2 Evocations


You had 10 spell levels left.
You didn't know any spells.
Your spell library was empty.

Dungeon Overview and Level Annotations

Branches:
Dungeon (12/15)            Temple (0/1) D:7            Lair (0/6) D:11
 Bailey (visited)
    Orc: D:9-12

Altars:
Cheibriados
Elyvilon
Makhleb
Uskayaw
Vehumet
Yredelemnul

Shops:
D:3 *   D:6 (   D:11 ?[((:?[


Innate Abilities, Weirdness & Mutations

You have a pair of horns on your head.
You reflexively headbutt those who attack you in melee.


Message History

Found a stone staircase leading down.
The centaur shoots an arrow.
The arrow hits you.
Something unseen opens the door.
The centaur shoots an arrow.
The arrow hits you but does no damage.
Found 15 gold pieces and a hand axe.
You see here a scroll of noise.
The centaur shoots an arrow.
You block the arrow.
You see here 15 gold pieces.
The centaur shoots an arrow.
The arrow barely misses you.
The centaur shoots an arrow.
The arrow hits you.
The centaur unwields a +0 shortbow.
The centaur closely misses you. The centaur barely misses you.
You slice the centaur!!
The centaur is almost dead.
You block the centaur's attack.
The centaur kicks you but does no damage.
An ettin comes into view. It is wielding two +0 dire flails.
You slice the centaur!!
You kill the centaur!
Trog accepts your kill.
You slash the ettin!
You headbutt the ettin, but do no damage.
The ettin is lightly wounded.
The ettin barely misses you.
The ettin hits you with a +0 dire flail!!
You slash the ettin!
The ettin is moderately wounded.
The ettin hits you with a +0 dire flail!!
The ettin barely misses you.
You are too injured to fight recklessly!
You are too injured to fight recklessly!
You slash the ettin! You headbutt the ettin.
The ettin is heavily wounded.
The ettin hits you with a +0 dire flail!!
* * * LOW HITPOINT WARNING * * *
The ettin hits you with a +0 dire flail!
* * * LOW HITPOINT WARNING * * *
You are confused.
You feel invigorated.
The ettin hits you with a +0 dire flail!!
You die...

#######+# ###
........####..##
.......?.......#
..>.....C@.$..)#
..###...########
..###...##....#
..............c
...............
#######.#####'#
#.####.##
#.......#
#.......#


You could see an ettin.

Vanquished Creatures
  Harold (D:8)
  A boulder beetle (D:11)
  3 two-headed ogres
  Pikel (D:8)
  Maurice (D:8)
  A gargoyle (D:10)
  4 centaur zombies
  A troll (D:11)
  Grinder (D:3)
  A hornet (D:8)
  2 wyverns
  9 yaks
  A shadow (D:9)
  4 vampire mosquitoes (D:9)
  2 acid dragons (D:11)
  A water moccasin (D:6)
  5 orc warriors
  An ice beast (D:7)
  A hornet zombie (D:8)
  2 black bears
  A wolf (D:12)
  9 centaurs
  A phantom (D:3)
  An ogre (D:6)
  A lemure (D:8)
  2 kobold brigands
  A gnoll sergeant (D:7)
  2 bullfrogs
  A scorpion (D:7)
  A wyvern zombie (D:6)
  2 water moccasin zombies
  6 killer bees (D:8)
  A jelly (D:6)
  3 hounds
  A bullfrog skeleton (D:5)
  7 orc priests
  2 centaur skeletons (D:7)
  3 gnoll shamans
  An iguana (D:6)
  An iron imp (D:6)
  12 orc wizards
  2 adders
  19 gnolls
  A white imp (D:7)
  3 dart slugs
  34 orcs
  8 ball pythons
  7 endoplasms
  2 giant cockroaches
  9 hobgoblins
  17 jackals
  2 quokkas (D:2)
  6 bats
  3 frilled lizards
  9 goblins
  12 kobolds
  A rat (D:1)
237 creatures vanquished.

Vanquished Creatures (collateral kills)
  A two-headed ogre (D:9)
1 creature vanquished.

Grand Total: 238 creatures vanquished

Notes
Turn   | Place    | Note
-------+----------+-------------------------------------------
     0 | D:1      | Madmarshman the Minotaur Berserker began the quest for the
                  | Orb.
     0 | D:1      | Reached XP level 1. HP: 19/19 MP: 0/0
   215 | D:1      | Reached XP level 2. HP: 27/27 MP: 1/1
   226 | D:1      | Reached skill level 4 in Axes
   656 | D:1      | Found a faded altar of an unknown god.
   857 | D:1      | Reached XP level 3. HP: 33/33 MP: 2/2
   881 | D:1      | Reached ** piety under Trog
  2113 | D:3      | Reached skill level 5 in Axes
  2113 | D:3      | Reached XP level 4. HP: 41/41 MP: 3/3
  2164 | D:3      | Noticed a phantom
  2168 | D:3      | Killed a phantom
  2169 | D:3      | Reached XP level 5. HP: 47/47 MP: 4/4
  2262 | D:3      | Found Uraicled's General Store.
  2273 | D:3      | Bought a potion of curing for 30 gold pieces
  2349 | D:3      | Noticed Grinder
  2363 | D:3      | Killed Grinder
  2364 | D:3      | Reached skill level 5 in Fighting
  2364 | D:3      | Reached skill level 6 in Axes
  2364 | D:3      | Reached XP level 6. HP: 56/56 MP: 5/5
  3101 | D:4      | Reached XP level 7. HP: 54/61 MP: 6/6
  3520 | D:5      | Entered Level 5 of the Dungeon
  3821 | D:5      | Noticed a wyvern
  3832 | D:5      | Killed a wyvern
  3833 | D:5      | Reached skill level 7 in Axes
  3833 | D:5      | Reached skill level 5 in Armour
  4731 | D:6      | Reached skill level 8 in Axes
  4731 | D:6      | Reached skill level 5 in Dodging
  4731 | D:6      | Reached XP level 8. HP: 65/70 MP: 7/7
  4768 | D:6      | Reached *** piety under Trog
  5169 | D:6      | Found a snail-covered altar of Cheibriados.
  5472 | D:6      | Reached skill level 9 in Axes
  5757 | D:6      | Found Paahob's Weapon Shop.
  6147 | D:7      | Found a staircase to the Ecumenical Temple.
  6189 | D:7      | Reached XP level 9. HP: 79/79 MP: 8/8
  6354 | D:7      | Found a flagged portal.
  6382 | Bailey   | Entered a bailey
  6576 | D:7      | Reached skill level 10 in Axes
  7533 | D:8      | Noticed Harold
  7553 | D:8      | Killed Harold
  7554 | D:8      | Reached skill level 11 in Axes
  8142 | D:8      | Reached **** piety under Trog
  8639 | D:8      | Reached XP level 10. HP: 77/90 MP: 9/9
  8691 | D:8      | Found a basalt altar of Yredelemnul.
  8691 | D:8      | Found a radiant altar of Vehumet.
  8697 | D:8      | Found a hide-covered altar of Uskayaw.
  8703 | D:8      | Found a faded altar of an unknown god.
  8704 | D:8      | Found a faded altar of an unknown god.
  9328 | D:8      | Noticed Pikel
  9334 | D:8      | Killed Pikel
  9335 | D:8      | Reached skill level 12 in Axes
  9353 | D:8      | Noticed Maurice
  9394 | D:8      | Killed Maurice
 10582 | D:9      | Noticed a two-headed ogre
 10595 | D:9      | Killed a two-headed ogre
 11013 | D:9      | Reached skill level 13 in Axes
 11195 | D:10     | Entered Level 10 of the Dungeon
 11448 | D:10     | Noticed a two-headed ogre
 11458 | D:10     | Killed a two-headed ogre
 11459 | D:10     | Reached XP level 11. HP: 48/99 MP: 10/10
 11617 | D:10     | Found a white marble altar of Elyvilon.
 11736 | D:10     | Reached skill level 10 in Fighting
 11894 | D:10     | Found a burning altar of Makhleb.
 12594 | D:11     | Found a staircase to the Lair.
 12625 | D:11     | Noticed a two-headed ogre
 12635 | D:11     | Killed a two-headed ogre
 12764 | D:11     | Reached skill level 1 in Evocations
 13042 | D:11     | Found Eniucsew's Magic Scroll Shoppe.
 13043 | D:11     | Found Guseemikh's Weapon Emporium.
 13044 | D:11     | Found Xesatz's Antique Armour Boutique.
 13044 | D:11     | Found Qucziru's Book Shop.
 13045 | D:11     | Found Oros's Antique Weapon Boutique.
 13045 | D:11     | Found Cejuclyv's Armour Shoppe.
 13120 | D:11     | Noticed a boulder beetle
 13165 | D:11     | Killed a boulder beetle
 13166 | D:11     | Reached skill level 14 in Axes
 13166 | D:11     | Reached skill level 10 in Armour
 13253 | D:11     | Found Qijin's Magic Scroll Shoppe.
 13262 | D:11     | Bought a scroll of identify for 34 gold pieces
 13262 | D:11     | Bought a scroll of identify for 34 gold pieces
 13262 | D:11     | Bought a scroll of identify for 34 gold pieces
 13262 | D:11     | Bought a scroll of identify for 34 gold pieces
 13601 | D:11     | Bought a scroll of enchant armour for 120 gold pieces
 14087 | D:12     | Noticed a two-headed ogre
 14104 | D:12     | Killed a two-headed ogre
 14220 | D:12     | Noticed an ettin
 14225 | D:12     | Mangled by an ettin

Illustrated notes

Levels and vault maps discovered:
D:1:      dpeg_arrival_chambers_temple_mockup, layout_loops_ring,
          shapermc_ecumenical_altar_mp_vishouse, nrook_mini_backslash
D:2:      layout_basic, kennysheep_generic_room_7
D:3:      layout_loops_cross, serial_shops,
          nicolae_shop_temple_entry_statues_fountains, uniq_grinder
D:4:      layout_loops_ring
D:5:      layout_layer_cave
D:6:      layout_loops_ring, slow_altar_1, serial_shops,
          nicolae_shop_statue_plus
D:7:      layout_basic, minmay_temple_entry_statues_pillars, enter_bailey_5,
          bh_walls_and_bars
D:8:      layout_gridville, chequers_temple_overflow_minitemple,
          serial_park_tiny_1, minivault_24, uniq_maurice, uniq_harold,
          uniq_pikel
D:9:      layout_grid_maze
D:10:     layout_roguey, chequers_temple_overflow_statue_of_worship,
          lightli_orcish_oven
D:11:     layout_basic, lair_entry_dummy, serial_shops, shop,
          nicolae_wooded_promenade
D:12:     giant_chief_lemuel, layout_gridville, minmay_orc_entry_temple_large

Skill      XL: |  1  2  3  4  5  6  7  8  9 10 11 |
---------------+----------------------------------+-----
Axes           | 4 5 6 8 9 11 13 14 | 14.2
Fighting       | 4 5 6 7 8 9 10 | 10.6
Armour         | 3 4 5 6 8 9 10 | 10.2
Dodging        | 3 4 5 6 7 8 9 |  9.3
Evocations     | 2 |  2.2

Action                   |  1- 3 |  4- 6 |  7- 9 | 10-12 || total
-------------------------+-------+-------+-------+-------++-------
Melee: Hand axe          |   112 |    62 |   111 |       ||   285
       Headbutt          |    18 |    10 |    55 |    73 ||   156
       War axe           |       |       |   150 |   321 ||   471
Throw: Throwing net      |       |       |       |     1 ||     1
       Boomerang         |       |       |       |     6 ||     6
Invok: Berserk           |       |     3 |     7 |     7 ||    17
       Trog's Hand       |       |     1 |     2 |     3 ||     6
       Brothers in Arms  |       |       |       |     1 ||     1
Evoke: Wand              |       |       |       |     1 ||     1
  Use: Scroll            |       |     3 |     6 |    11 ||    20
       Potion            |       |       |       |     1 ||     1
Armor: Animal skin       |     8 |       |       |       ||     8
       Leather armour    |    22 |       |       |       ||    22
       Scale mail        |    10 |    12 |       |       ||    22
       Chain mail        |       |    21 |   134 |       ||   155
       Plate armour      |       |       |     6 |   140 ||   146
Dodge: Dodged            |    56 |    25 |   122 |   141 ||   344
Block: Buckler           |       |       |     1 |    51 ||    52

Table legend: (Time is in decaauts)
 A = Elapsed time spent in this place.
 B = Non-inter-level travel time spent in this place.
 C = Inter-level travel time spent in this place.
 D = Time resting spent in this place.
 E = Time spent auto-exploring this place.
 F = Levels seen in this place.
 G = Mean time per level.
                   A        B        C        D        E       F      G
               +--------+--------+--------+--------+--------+-----+--------+
         Total |  14344 |  14141 |    203 |   4399 |   7254 |  13 | 1103.4 |
       Dungeon |  14335 |  14132 |    203 |   4399 |   7254 |  12 | 1194.6 |
        Bailey |      8 |      8 |      0 |      0 |      0 |   1 |    8.0 |
               +--------+--------+--------+--------+--------+-----+--------+

Top non-repeatable levels by time:
     D:8: 2230 daAuts
     D:9: 1621 daAuts
    D:11: 1471 daAuts
    D:10: 1405 daAuts
     D:7: 1350 daAuts
     D:6: 1330 daAuts
     D:5: 1205 daAuts
     D:2: 1024 daAuts
     D:1: 977 daAuts
     D:3: 861 daAuts
     D:4: 692 daAuts
    D:12: 164 daAuts
  Bailey: 8 daAuts
